Map: Frozen Temple

Players

PraetorFenix

  • Race: Protoss Protoss
  • League: Grandmaster

Jimtoni - Winner!

  • Race: Terran Terran
  • League: Master

VOD

Have the link to the VOD?

Description

Time

  • Played on: July 1, 2016, 7:34 p.m.
  • Length: 14:45
Show
View Real Time Build Order
Export as new Build Order

PraetorFenix Protoss 

Build Orders: 1 Gate Expand, Blink Stalkers 

Get SALT Encoding   

  12  0:01  Probe (Chrono Boost)  
  13  0:11  Probe (Chrono Boost)  
  14  0:18  Pylon  
  14  0:22  Probe (Chrono Boost)  
  15  0:36  Probe (Chrono Boost)  
  15  0:38  Gateway  
  16  0:47  Probe (Chrono Boost)  
  16  0:48  Assimilator  
  17  0:57  Probe (Chrono Boost)  
  18  1:08  Probe (Chrono Boost)  
  19  1:25  Nexus  
  19  1:39  Cybernetics Core  
  19  1:41  Probe (Chrono Boost)  
  19  1:46  Assimilator  
  20  1:52  Pylon  
  20  1:54  Probe (Chrono Boost)  
  21  2:05  Probe (Chrono Boost)  
  22  2:16  Adept (Chrono Boost), Mothership Core (Chrono Boost)  
  22  2:18  Warp Gate  
  26  2:36  Probe (Chrono Boost), Robotics Facility  
  27  2:42  Probe (Chrono Boost)  
  28  2:45  Stalker  
  28  2:48  Probe (Chrono Boost)  
  31  2:53  Probe (Chrono Boost)  
  32  2:59  Probe (Chrono Boost)  
  32  3:04  Probe (Chrono Boost)  
  34  3:09  Probe (Chrono Boost), Twilight Council  
  35  3:14  Probe (Chrono Boost)  
  36  3:20  Probe (Chrono Boost)  
  36  3:23  Probe (Chrono Boost)  
  36  3:24  Observer (Chrono Boost)  
  39  3:31  Probe  
  39  3:33  Probe  
  40  3:36  Gateway  
  40  3:37  Gateway  
  41  3:43  Probe, Observer (Chrono Boost)  
  41  3:44  Probe  
  44  3:50  Pylon  
  44  3:54  Probe  
  44  3:55  Probe  
  45  3:59  Blink (Chrono Boost)  
  46  4:08  Probe  
  46  4:09  Probe  
  47  4:14  Observer, Assimilator  
  49  4:17  Assimilator  
  48  4:28  Stalker  
  50  4:35  Probe  
  50  4:36  Probe  
  51  4:45  Probe  
  51  4:46  Warp Prism  
  51  4:47  Nexus  
  54  4:56  Pylon  
  54  4:57  Pylon  
  54  5:01  Pylon  
  54  5:12  Probe  
  54  5:14  Probe  
  56  5:18  Stalker x3  
  62  5:23  Probe  
  62  5:26  Probe, Forge  
  64  5:30  Immortal  
  64  5:32  Pylon  
  64  5:33  Probe  
  69  5:38  Probe  
  69  5:42  Stalker x2  
  72  5:45  Stalker  
  72  5:46  Probe  
  77  5:50  Probe  
  77  5:56  Resonating Glaives (Chrono Boost)  
  78  5:57  Probe  
  78  6:02  Probe  
  80  6:06  Gateway  
  80  6:07  Adept x2  
  80  6:09  Adept  
  86  6:16  Probe x2  
  86  6:17  Probe  
  89  6:21  Gateway  
  89  6:51  Nexus  
  89  6:54  Pylon  
  89  6:57  Pylon  
  89  7:07  Gateway  
  89  7:09  Gateway  
  89  7:12  Gateway  
  89  7:13  Probe  
  89  7:15  Probe, Pylon  
  91  7:16  Pylon  
  87  7:24  Probe  
  87  7:27  Probe  
  87  7:31  Immortal  
  87  7:32  Protoss Ground Armor Level 1 (Chrono Boost)  
  87  7:34  Probe, Templar Archives  
  92  7:46  Pylon  
  92  7:47  Pylon  
  92  7:48  Adept x3  
  92  7:49  Adept x2  
  102  7:56  Probe  
  103  7:59  Probe  
  103  8:02  Pylon  
  103  8:04  Pylon, Sentry x2  
  108  8:10  Sentry  
  110  8:19  Nexus  
  110  8:25  Adept x2  
  110  8:26  Adept  
  116  8:34  Gateway  
  116  8:35  High Templar x3  
  116  8:36  High Templar  
  116  8:40  Archon x2  
  124  8:41  Adept  
  124  8:42  Gateway  
  126  8:49  Adept  
  126  8:50  Adept x2  
  113  9:03  Adept  
  113  9:08  Adept  
  113  9:09  Adept x3  
  97  9:25  Adept x2, Probe, Sentry x2  
  97  9:27  Probe  
  97  9:29  Assimilator  
  105  9:44  Probe x2  
  101  9:46  Immortal, Psionic Storm  
  101  9:50  Stalker x3  
  101  9:51  Adept x4, Probe, Gateway  
  101  9:52  Adept  
  122  9:54  Probe  
  123  10:04  High Templar x2  
  127  10:11  Assimilator  
  127  10:13  Adept x2  
  127  10:14  Adept x2  
  133  10:16  High Templar  
  137  10:24  Warp Prism  
  139  10:34  Pylon  
  139  10:35  Stalker  
  139  10:36  Stalker x5  
  139  10:37  Adept  
  151  11:02  Adept  
  151  11:03  Adept x4  
  151  11:04  Adept x4  
  139  11:19  Stalker  
  141  11:32  Stalker x7  
  153  11:33  Stalker x2  
  153  11:39  Photon Cannon  
  159  11:40  Probe x2, Photon Cannon  
  159  11:42  Probe  
  159  11:44  Assimilator  
  159  11:46  Assimilator  
  162  11:48  High Templar  
  162  11:54  Probe  
  165  11:57  High Templar x2  
  165  11:58  Adept  
  171  12:02  Pylon  
  171  12:04  Pylon  
  171  12:05  Pylon  
  168  12:24  Pylon  
  150  12:30  Nexus  
  150  12:32  Pylon  
  121  12:40  Adept x3  
  121  12:41  Adept x3  
  109  12:47  Adept x3  
  104  12:53  Stalker  
  98  13:04  High Templar x3  
  98  13:05  Stalker x2  
  96  13:07  Adept  
  98  13:22  Stalker  
  98  13:23  Adept x3  
  88  13:39  Adept  
  88  13:40  Adept  
  72  13:55  Stalker x2  
  76  14:10  Zealot x3  
  82  14:22  Archon  
  35  14:39  Zealot x4  
Show
View Real Time Build Order
Export as new Build Order

Jimtoni Terran - Winner!

Build Orders: Reaper Expand, MMM Bio 

Get SALT Encoding   

  12  0:01  SCV  
  13  0:13  SCV  
  14  0:18  Supply Depot  
  14  0:25  SCV  
  15  0:40  SCV  
  15  0:41  Barracks  
  16  0:44  Refinery  
  16  0:54  SCV  
  17  1:06  SCV  
  18  1:20  SCV  
  19  1:30  Reaper  
  20  1:33  Orbital Command  
  20  1:41  Command Center  
  20  1:50  Supply Depot  
  20  1:58  SCV  
  21  2:03  Barracks Reactor  
  21  2:09  Barracks  
  21  2:10  SCV  
  22  2:18  Engineering Bay  
  22  2:22  SCV  
  23  2:25  Bunker  
  23  2:34  SCV  
  24  2:41  Marine x2  
  26  2:44  Terran Infantry Weapons Level 1  
  26  2:47  SCV  
  27  2:52  Orbital Command  
  27  2:58  Barracks Tech Lab  
  27  2:59  SCV  
  27  3:04  Marine x2, Refinery  
  30  3:11  SCV  
  31  3:18  SCV  
  32  3:22  Supply Depot  
  32  3:23  SCV  
  32  3:24  Marine  
  32  3:25  Marine  
  35  3:30  SCV, Stimpack  
  36  3:35  SCV, Marauder  
  39  3:42  SCV  
  39  3:44  Marine x2  
  39  3:47  SCV  
  43  3:51  Factory  
  43  3:54  SCV  
  44  3:57  Supply Depot  
  44  3:59  SCV, Marauder  
  44  4:02  Marine x2  
  49  4:06  SCV  
  49  4:07  Refinery  
  50  4:11  SCV  
  51  4:18  SCV  
  51  4:21  Marine x2  
  51  4:22  Marauder  
  51  4:23  SCV  
  57  4:30  SCV  
  58  4:35  SCV  
  58  4:36  Starport  
  58  4:37  Factory Reactor  
  58  4:41  Terran Infantry Armor Level 1  
  58  4:42  SCV  
  59  4:45  Marine x2  
  59  4:46  Supply Depot  
  59  4:49  SCV  
  62  4:59  Supply Depot  
  62  5:07  Marine x2, SCV x2  
  62  5:08  Marauder, Supply Depot  
  68  5:16  Barracks  
  68  5:19  SCV  
  68  5:20  SCV  
  68  5:21  Medivac x2  
  74  5:25  Widow Mine, Marine x2  
  78  5:30  Marauder  
  78  5:31  Supply Depot  
  78  5:32  SCV x2  
  82  5:37  Supply Depot, Armory  
  82  5:38  Engineering Bay  
  82  5:43  Marine x2  
  82  5:44  SCV x2  
  86  5:56  SCV x2  
  88  5:58  Widow Mine  
  88  5:59  Medivac x2  
  88  6:01  Marine x2  
  96  6:06  Supply Depot  
  96  6:08  SCV x2, Barracks Reactor  
  100  6:11  Marauder  
  100  6:20  SCV x2  
  102  6:28  Marine x2  
  102  6:32  SCV x2  
  104  6:36  Supply Depot  
  104  6:38  Command Center  
  104  6:39  Marauder  
  101  6:44  SCV x2  
  101  6:46  Marine x4  
  98  6:56  SCV x2  
  98  7:00  Marine  
  101  7:04  Marine x4  
  105  7:19  Marine  
  105  7:20  Liberator x2  
  105  7:21  Marine  
  105  7:22  Marine, Barracks  
  106  7:27  SCV  
  106  7:28  SCV, Barracks  
  108  7:36  Factory Reactor  
  108  7:40  SCV  
  108  7:41  SCV  
  108  7:43  Marine  
  117  7:46  Supply Depot  
  117  7:50  Marauder  
  119  7:52  SCV  
  119  7:53  Orbital Command  
  119  7:56  SCV  
  121  7:58  Refinery, Marine x2  
  121  8:03  Missile Turret  
  121  8:04  Liberator x2  
  123  8:07  SCV  
  123  8:08  SCV  
  123  8:09  Marine x2  
  123  8:11  Marauder  
  123  8:12  Barracks Reactor  
  129  8:14  Barracks Tech Lab, Widow Mine  
  129  8:15  Widow Mine  
  129  8:18  SCV  
  129  8:19  SCV  
  141  8:28  Missile Turret, Concussive Shells  
  141  8:32  Combat Shields  
  141  8:33  Terran Infantry Armor Level 2  
  141  8:38  Refinery  
  141  8:46  Supply Depot  
  141  8:54  Marine x3, SCV x3  
  141  8:55  Marine x3  
  141  8:56  Marine x2  
  141  9:02  Terran Infantry Weapons Level 2  
  125  9:06  SCV x2  
  125  9:08  SCV  
  107  9:11  Marine  
  107  9:12  Marine x2  
  107  9:13  Marine, Marauder x2  
  107  9:14  Marine  
  107  9:16  Marine  
  107  9:18  SCV x2  
  107  9:23  Supply Depot  
  107  9:24  Supply Depot  
  106  9:25  Widow Mine x2, Medivac  
  106  9:29  Marine  
  112  9:32  Marine x4  
  112  9:34  Marine, Marauder x2  
  115  9:43  SCV x3  
  115  9:44  Liberator  
  114  9:47  Marine  
  114  9:48  Medivac  
  114  9:50  Marine x4  
  121  9:55  SCV, Supply Depot  
  121  9:56  Widow Mine, Marauder x2  
  121  9:58  Supply Depot  
  128  10:02  Marine  
  128  10:05  Marine  
  133  10:07  SCV x2  
  135  10:14  Marine x4  
  135  10:17  Marauder x2  
  135  10:19  Missile Turret  
  135  10:20  Marine, Liberator  
  144  10:22  SCV x2  
  144  10:23  Marine  
  144  10:26  Supply Depot x2  
  147  10:33  Marine x4  
  151  10:36  Widow Mine x2  
  151  10:38  Marine  
  151  10:39  Marauder x2  
  163  10:49  Marine  
  164  10:50  Command Center  
  164  10:51  Marine x2  
  161  10:59  Marine x2  
  161  11:00  Marauder  
  161  11:01  SCV  
  161  11:02  Marine  
  158  11:09  Marine x2  
  158  11:10  Marauder, Liberator  
  156  11:12  Marine  
  156  11:15  Liberator  
  156  11:17  Marine x2  
  156  11:18  Terran Infantry Armor Level 3  
  158  11:20  Marine, Terran Infantry Weapons Level 3  
  158  11:21  Marine  
  158  11:27  Widow Mine  
  158  11:31  Marauder  
  164  11:32  Widow Mine  
  164  11:34  Marine  
  167  11:40  Supply Depot  
  167  11:42  Supply Depot  
  167  11:47  Marine x3  
  167  11:53  Marine x2  
  172  11:58  Marine x2  
  170  12:09  Marine x2, Marauder  
  173  12:17  Marine x2  
  173  12:20  Marine x2  
  173  12:21  Marine  
  178  12:26  Marine  
  166  12:36  Marine  
  142  12:42  Marine  
  142  12:43  Marine  
  142  12:44  Marine x2, Marauder  
  127  12:47  Marine  
  127  12:49  Marine  
  128  12:53  Marine  
  129  13:00  Marine  
  129  13:01  Marine  
  129  13:04  Marine x2  
  129  13:09  Marine  
  130  13:14  Marine x2  
  132  13:25  Marine x3  
  132  13:26  Marauder  
  137  13:33  Marine x2  
  140  13:34  Marauder  
  140  13:36  Marine  
  140  13:43  Marine  
  140  13:45  Marine x2  
  140  13:47  Marine  
  144  13:51  Marine x2  
  142  13:55  Marauder  
  142  13:56  Marine  
  142  14:01  Marine  
  144  14:03  Marine x2  
  144  14:05  Marauder  
  144  14:09  Marine x2  
  135  14:14  Marine, Widow Mine x2  
  135  14:17  Marauder  
  142  14:18  Marine  
  142  14:21  Marine x2  
Tags
 
Add a new tag
Caveats
  • Supply blocks, unpowered buildings, or Contaminate may cause inaccurate times.
  • Supply counts are checked every 10 seconds.